 Dungeon Crawl Stone Soup version bcrawl-1.21.3 (webtiles) character file.

Game seed: 1537011636490462222

58 Flugslaktarn the Sneak (level 3, -2/22 HPs)
             Began as a Skeleton Archaeologist on Mar 29, 2020.
             Slain by a sky beast (6 damage)
             ... on level 2 of the Dungeon.
             The game lasted 00:00:58 (1487 turns).

Flugslaktarn the Sneak (Skeleton Archaeologist)     Turns: 1487, Time: 00:00:58

Health: -2/22      AC: 12    Str: 17 (18) XL:     3   Next: 76%
Magic:  0/3        EV:  8    Int: 11 (12) God:
Gold:   91         SH:  2    Dex:  7      Spells: 2/2 levels left

rFire    . . .     SeeInvis .   i - +4 short sword
rCold    + . .     Gourm    .   h - +0 buckler
rNeg     + + +     Faith    .   m - +0 chain mail
rPois    ∞         Spirit   +   c - +1 hat
rElec    .         Reflect  .   (no cloak)
rCorr    .         Harm     .   j - +0 pair of gloves
MR       .....                  d - +1 pair of boots
Stlth    ..........             (no amulet)
HPRegen  0.07/turn              (no ring)
MPRegen  0.08/turn              (no ring)

@: no status effects
A: no food or potions, cold resistance 1, deterioration 1, negative energy
resistance 3, torment resistance, unbreathing, magic shield, sturdy frame 1,
spell healing
a: no special abilities


You were on level 2 of the Dungeon.
You were not hungry.

You visited 1 branch of the dungeon, and saw 3 of its levels.

You collected 91 gold pieces.

Inventory:

Hand Weapons
 a - a +0 whip
 i - a +4 short sword (weapon)
   (You took it off a kobold on level 1 of the Dungeon)
Armour
 c - a +1 hat (worn)
 d - a +1 pair of boots (worn)
 h - a +0 buckler (worn)
   (You found it on level 1 of the Dungeon)
 j - a +0 pair of gloves (worn)
   (You found it on level 1 of the Dungeon)
 m - a +0 chain mail (worn)
   (You found it on level 2 of the Dungeon)
Scrolls
 e - a scroll of magic mapping
 g - 2 scrolls of remove curse {unknown}
 k - a scroll of teleportation {unknown}
 l - 2 scrolls of identify {unknown}
Miscellaneous
 f - a dusty tome


   Skills:
 * Level 2.9 Fighting
 - Level 1.7 Maces & Flails
 + Level 1.9 Armour
 - Level 3.0 Dodging
 - Level 3.6 Stealth


You had 2 spell levels left.
You didn't know any spells.
Your spell library was empty.

Dungeon Overview and Level Annotations

Branches:
Dungeon (3/12)

Altars:
Fedhas
Yredelemnul


Innate Abilities, Weirdness & Mutations

You do not eat or drink.
You are immune to poison.
Your flesh is cold resistant. (rC+)
Your body sometimes deteriorates upon taking damage.
You are immune to negative energy. (rN+++)
You are immune to unholy pain and torment.
You can survive without breathing.
When hurt, damage is shared between your health and your magic reserves.
Your movements are slightly less encumbered by armour. (ER -2)
Casting spells heals you.


Message History

The sky beast hits you but does no damage.
You miss the sky beast.
The sky beast is lightly wounded.
The sky beast hits you but does no damage.
Unknown command.
The sky beast flickers out of sight!
Deactivating autopickup; reactivate with Ctrl-A.
There is a stone staircase leading up here.
Something hits you.
* * * LOW HITPOINT WARNING * * *
Something shocks you.
* * * LOW HITPOINT WARNING * * *
Your body deteriorates!
You feel weakened.
You climb upwards.
Reactivating autopickup.
There is a stone staircase leading down here.
Unknown command.
Unknown command.
Something hits you. Something shocks you.
You die...

####......###
#.######## #.# #....
########### #.#
#.### ####.........#
#.####.###
#......>.....#
#.....<...
#.....<......#
######.###
##............######
#.###
#...........@......#
#....
##..........[.####.#
##### #............#
#..# #
###..........# #.##
# ##.........#
#.####### #
#####.#.......#
#.#.....# #
#.....#.......#
#.#.###.#####
#.#####.......#
#†#.###...... ##)#
#...#...#
#.#.#........


There were no monsters in sight!

Vanquished Creatures
  Jessica (D:2)
  2 dart slugs
  A leopard gecko (D:2)
  A giant cockroach (D:1)
  2 goblins (D:2)
  3 hobgoblins
  2 jackals (D:1)
  A quokka (D:2)
  7 bats
  A frilled lizard (D:1)
  3 kobolds (D:1)
  3 rats
27 creatures vanquished.

Notes
Turn   | Place    | Note
-------+----------+-------------------------------------------
     0 | D:1      | Flugslaktarn the Skeleton Archaeologist began the quest for
                  | the Orb.
     0 | D:1      | Reached XP level 1. HP: 12/12 MP: 1/1
   329 | D:1      | Reached XP level 2. HP: 16/16 MP: 2/2
   668 | D:1      | Reached skill level 1 in Armour
   738 | D:2      | Noticed Jessica
   748 | D:2      | Killed Jessica
   748 | D:2      | Reached XP level 3. HP: 22/22 MP: 3/3
   781 | D:2      | Found a blossoming altar of Fedhas.
  1022 | D:2      | Found a basalt altar of Yredelemnul.
  1466 | D:3      | Noticed a sky beast
  1487 | D:2      | Slain by a sky beast

Skill      XL: |  1  2 |
---------------+-------+-----
Armour         | 1 |  1.9
Fighting       | 2 |  2.9
Maces & Flails | |  1.7
Dodging        | |  3.0
Stealth        | |  3.6

Action                   || total
-------------------------++-------
Melee: Whip              ||    36
       Short sword       ||    37
 Stab: Sleeping          ||    10
Armor: Robe              ||    12
       Chain mail        ||     6
Dodge: Dodged            ||    46
Block: Buckler           ||     3
